 Dungeon Crawl Stone Soup version 0.30-a0-1066-g63dfefce0d (webtiles) character file.

Game seed: 15801247284473147141

84 jimonade the Grasshopper (level 4, -1/40 HPs)
             Began as a Naga Warper on Apr 12, 2023.
             Slain by a gnoll
             ... wielding a +0 halberd
              (9 damage)
             ... on level 4 of the Dungeon.
             The game lasted 00:02:19 (951 turns).

jimonade the Grasshopper (Naga Warper)               Turns: 951, Time: 00:02:20

Health: -1/40      AC:  4    Str: 13    XL:     4   Next: 46%
Magic:  7/7        EV:  9    Int: 19    God:
Gold:   98         SH:  3    Dex: 13    Spells: 3/7 levels left

rFire   . . .      SeeInvis +    a - +2 dagger (venom)
rCold   . . .      Faith    .    j - +0 buckler
rNeg    . . .      Spirit   .    b - +0 leather armour
rPois   +          Reflect  .    (no helmet)
rElec   .          Rampage  .    e - +0 cloak
rCorr   .                        (no gloves)
Will    .....                    (no barding)
Stlth   ++                       (no amulet)
HPRegen 0.26/turn                f - +6 ring of intelligence
MPRegen 0.10/turn                (no ring)

@: very slow
A: AC +1, large, see invisible, deformed body, poison resistance, slowness 2,
spit poison 1, naga tail 1
a: Spit Poison


You were on level 4 of the Dungeon.
You visited 1 branch of the dungeon, and saw 3 of its levels.

You collected 98 gold pieces.

Inventory:

Hand Weapons
 a - a +2 dagger of venom (weapon)
 g - a +0 spear
Missiles
 d - 7 boomerangs of dispersal
Armour
 b - a +0 leather armour (worn)
 e - a +0 cloak (worn)
 j - a +0 buckler (worn)
Magical Staves
 n - a staff of conjuration
Jewellery
 f - a +6 ring of intelligence (left hand)
 r - a +6 ring of dexterity
Scrolls
 c - a scroll of blinking
 h - 3 scrolls of identify {unknown}
 m - a scroll of fog {unknown}
 o - a scroll of noise {unknown}
 q - 2 scrolls of teleportation {unknown}
Potions
 i - 3 potions of curing {unknown}
 k - a potion of invisibility {unknown}
 l - a potion of haste {unknown}
 p - a potion of might {unknown}


   Skills:
 + Level 2.4 Fighting
 + Level 0.1 Short Blades
 + Level 2.3 Polearms
 + Level 0.8 Throwing
 + Level 1.3 Armour
 + Level 2.0 Dodging
 + Level 1.4 Stealth
 + Level 2.3 Spellcasting
 + Level 3.6 Translocations


You had 3 spell levels left.
You knew the following spells:

 Your Spells              Type           Power      Damage    Failure   Level
a - Blink                 Tloc           32%        N/A       9%          2
b - Lesser Beckoning      Tloc           32%        N/A       9%          2

Your spell library contained the following spells:

 Spells                   Type           Power      Damage    Failure   Level
 Teleport Other           Tloc           16%        N/A       19%         3
 Vhi's Electric Charge    Tloc/Air       18%        N/A       36%         3
 Manifold Assault         Tloc           16%        N/A       52%         4


Dungeon Overview and Level Annotations

Branches:
Dungeon (2/15)

Altars:

Shops:
D:1 (


Innate Abilities, Weirdness & Mutations

Your serpentine skin is tough. (AC +1)
You have supernaturally acute eyesight. (SInv)
Armour fits poorly on your strangely shaped body.
Your system is resistant to poisons. (rPois)
You cover ground very slowly.
You can spit poison.
You have a snake-like lower body.


Message History

You block the gnoll's attack.
You barely miss the gnoll.
The gnoll is severely wounded.
The gnoll hits you with a +0 whip.
You closely miss the gnoll.
The gnoll is severely wounded.
The gnoll hits you with a +0 whip!
You hit the gnoll.
The gnoll looks as sick as possible!
The gnoll is severely wounded.
You kill the gnoll!
The gnoll throws a throwing net.
The throwing net closely misses you.
Your Stealth skill increases to level 1!
The splash of poison hits the gnoll.
The gnoll is poisoned.
The gnoll is moderately wounded.
You hit the gnoll.
The gnoll looks even sicker.
The gnoll is heavily wounded.
The gnoll hits you with a +0 club.
You hit the gnoll.
You kill the gnoll!
You have got your breath back.
The quokka bites you but does no damage.
Your Dodging skill increases to level 2!
You hit the quokka but do no damage.
The quokka is poisoned.
You block the quokka's attack. You block the gnoll's attack.
You hit the quokka.
The quokka looks as sick as possible!
The quokka is almost dead.
You kill the quokka!
The gnoll closely misses you.
The gnoll hits you from afar with a +0 halberd!
The gnoll hits you with a +0 spear.
* * * LOW HITPOINT WARNING * * *
Things that are here:
a +0 club; a +0 whip; a gnoll corpse You closely miss the gnoll.
You block the gnoll's attack. The gnoll hits you with a +0 spear.
* * * LOW HITPOINT WARNING * * *
You hit the gnoll.
The gnoll is moderately wounded.
The gnoll hits you from afar with a +0 halberd!
You die...

...>.. .... ..... .[..
###. .... ..... ....#
... ..... ! ##...## ..
...... #.#.....##
.##...... #........#
#........ #(......#
######.# .#
#.......###(..@gg# .
#...........###### .#
#......#############.###
#.......###.............
#.......†...####.....##
#.......########....##
........## #......#
####...## #...#....#
##.# #.###.......


You could see 2 gnolls.

Vanquished Creatures
  A hound (D:4)
  2 gnolls (D:4)
  4 dart slugs
  An endoplasm (D:1)
  3 giant cockroaches (D:1)
  4 goblins (D:1)
  2 hobgoblins
  2 quokkas
  3 bats (D:1)
  A frilled lizard (D:2)
  2 kobolds (D:1)
25 creatures vanquished.

Notes
Turn   | Place    | Note
-------+----------+-------------------------------------------
     0 | D:1      | jimonade the Naga Warper began the quest for the Orb.
     0 | D:1      | Reached XP level 1. HP: 19/19 MP: 3/3
    91 | D:1      | Reached XP level 2. HP: 22/26 MP: 5/5
   441 | D:1      | Found Miopnick's Weapon Shoppe.
   585 | D:1      | Reached skill level 1 in Armour
   585 | D:1      | Reached XP level 3. HP: 32/32 MP: 6/6
   600 | D:1      | Learned a level 2 spell: Blink
   603 | D:1      | Learned a level 2 spell: Lesser Beckoning
   881 | D:2      | You fall into a shaft and drop 2 floors!
   901 | D:4      | Reached XP level 4. HP: 36/40 MP: 7/7
   944 | D:4      | Reached skill level 1 in Stealth
   951 | D:4      | Slain by a gnoll

Illustrated notes

Levels and vault maps discovered:
D:1:      evilmike_arrival_hilbert_curve, layout_rooms, serial_shops,
          nicolae_shop_bloodbath_and_beyond
D:2:      layout_basic, serial_shops, shop_fountains,
          chequers_serial_rivers_micro_c
D:4:      layout_rooms, minmay_temple_entry_butterflies

Skill      XL: |  1  2  3  4 |
---------------+-------------+-----
Armour         | 1 |  1.3
Stealth        | 1 |  1.4
Dodging        | 2 |  2.0
Fighting       | |  2.4
Short Blades   | |  0.1
Polearms       | |  2.3
Throwing       | |  0.8
Spellcasting   | |  2.3
Translocations | |  3.6

Action                     |  1- 3 |  4- 6 || total
---------------------------+-------+-------++-------
  Melee: Spear             |    23 |       ||    23
         Dagger            |    33 |    19 ||    52
Ability: Spit Poison       |     3 |     1 ||     4
 Armour: Leather armour    |    14 |     2 ||    16
  Dodge: Dodged            |    17 |     7 ||    24
  Block: Buckler           |     2 |     4 ||     6

Table legend: (Time is in decaauts)
 A = Elapsed time spent in this place.
 B = Non-inter-level travel time spent in this place.
 C = Inter-level travel time spent in this place.
 D = Time resting spent in this place.
 E = Time spent auto-exploring this place.
 F = Levels seen in this place.
 G = Mean time per level.
                   A        B        C        D        E       F      G
               +--------+--------+--------+--------+--------+-----+--------+
         Total |   1253 |   1210 |     43 |      0 |    821 |   3 |  417.7 |
       Dungeon |   1253 |   1210 |     43 |      0 |    821 |   3 |  417.7 |
               +--------+--------+--------+--------+--------+-----+--------+

Top non-repeatable levels by time:
     D:1: 891 daAuts
     D:2: 275 daAuts
     D:4: 86 daAuts
